 Dungeon Crawl Stone Soup version 0.31-a0-949-g57150269e1 (webtiles) character file.

Game seed: 5116758227709868433

62 croobank the Firebug (level 3, -1/24 HPs)
             Began as a Demonspawn Fire Elementalist on Oct 22, 2023.
             Killed by divine providence
             ... invoked by an orc priest
              (12 damage)
             ... on level 3 of the Dungeon.
             The game lasted 00:05:28 (2446 turns).

croobank the Firebug (Demonspawn Fire Elementalist) Turns: 2446, Time: 00:05:28

Health: -1/24      AC:  2    Str:  8    XL:     3   Next: 85%
Magic:  6/6        EV: 12    Int: 18    God:
Gold:   130        SH:  0    Dex: 13    Spells: 0/6 levels left

rFire   . . .        k - +2 dagger (venom)
rCold   + . .        (no shield)
rNeg    . . .        a - +0 robe
rPois   .            (no helmet)
rElec   .            (no cloak)
rCorr   .            (no gloves)
SInv    .            (no boots)
Will    .....        (no amulet)
Stlth   ++           c - ring of protection from cold
HPRegen 0.24/turn    (no ring)
MPRegen 0.10/turn

%: no passive effects
@: mighty
A: foul stench 2
a: no special abilities


You were on level 3 of the Dungeon.
You visited 1 branch of the dungeon, and saw 3 of its levels.

You collected 130 gold pieces.

Inventory:

Hand Weapons
 b - a +0 dagger
 k - a +2 dagger of venom (weapon)
 o - a +2 short sword of draining
Armour
 a - a +0 robe (worn)
Magical Staves
 f - a staff of fire
Jewellery
 c - a ring of protection from cold (left hand)
 m - a ring of flight
Scrolls
 d - a scroll of immolation
 g - a scroll of identify {unknown}
 l - a scroll of poison {unknown}
 n - a scroll of amnesia {unknown}
 p - a scroll of fear {unknown}
 q - a scroll of blinking {unknown}
 r - a scroll of teleportation {unknown}
Potions
 e - a potion of might
 h - a potion of lignification {unknown}
 i - 3 potions of heal wounds {unknown}
 j - a potion of brilliance {unknown}
 s - a potion of curing {unknown}


   Skills:
 + Level 0.2 Fighting
 + Level 2.2 Dodging
 + Level 2.3 Stealth
 + Level 2.4 Spellcasting
 + Level 1.8 Conjurations
 + Level 0.2 Hexes
 + Level 3.1 Fire Magic


You couldn't memorise any spells.
You knew the following spells:

 Your Spells              Type           Power      Damage    Failure   Level
a - Foxfire               Conj/Fire      44%        2x1d6     6%          1
b - Scorch                Fire           26%        2d6       8%          2
c - Inner Flame           Hex/Fire       8%         N/A       26%         3

Your spell library contained the following spells:

 Spells                   Type           Power      Damage    Failure   Level
 Kiss of Death            Conj/Necr      20%        2d7       12%         1
 Ensorcelled Hibernation  Hex/Ice        4%         N/A       26%         2
 Volatile Blastmotes      Fire/Tloc      14%        2d11      28%         3
 Stone Arrow              Conj/Erth      10%        3d7       34%         3
 Flame Wave               Conj/Fire      11%        2d6       54%         4
 Animate Armour           Summ/Erth      4%         N/A       86%         4
 Leda's Liquefaction      Hex/Erth       1%         N/A       86%         4
 Silence                  Hex/Air        1%         N/A       99%         5
 Lehudib's Crystal Spear  Conj/Erth      2%         10d2      100%        8


Dungeon Overview and Level Annotations

Branches:
Dungeon (3/15)

Altars:

Shops:
D:2 [   D:3 =


Innate Abilities, Weirdness & Mutations

You sometimes emit foul miasma when damaged in melee.


Message History

The hobgoblin hits you.
You hit the hobgoblin.
The hobgoblin is moderately wounded.
The hobgoblin misses you.
Casting: Scorch (safe; 8% risk of failure)
Confirm with . or Enter, or press ? or * to list all spells.
You miscast Scorch.
You are very lightly contaminated with residual magic.
Nothing appears to happen.
The hobgoblin hits you.
You emit a cloud of foul miasma!
You hit the hobgoblin.
The hobgoblin is almost dead.
The hobgoblin is engulfed in dark miasma.
The hobgoblin is poisoned.
You kill the hobgoblin!
You now have 104 gold pieces (gained 8).
Your magical contamination has completely faded away.
You now have 114 gold pieces (gained 10).
There is an entrance to Woatim's Jewellery Shop here.
You can access your shopping list by pressing '$'.
You now have 130 gold pieces (gained 16).
An orc priest and 2 orcs come into view.
Found 13 gold pieces.
Found a stone staircase leading down.
The orc shouts!
You hear a shout!
The orc shouts!
You hear a shout!
The orc priest shouts!
An orc comes into view. It is wielding a +0 whip.
You closely miss the orc.
The orc priest invokes the aid of Beogh against you.
Beogh smites you!
Ouch! That really hurt!
You hear a shout!
Casting: Scorch (safe; 8% risk of failure)
Confirm with . or Enter, or press ? or * to list all spells.
You don't know that spell.
It was a potion of might.
You feel very mighty all of a sudden.
The orc priest mumbles some strange prayers to Beogh against you.
Beogh smites you!
Ouch! That really hurt!
You die...

.###..##########.#
#
.................#
#
####....##########
# #.##.# #
#####.##.# #
.....##.# # #
#..##.###.... .
#.........# #
#@###.##### #o#
#.#


oo# #.# ##$# #.# #o# #.# #># #.# .#. #.# # # You could see an orc priest and 3
orcs.

Vanquished Creatures
  An adder (D:2)
  2 dart slugs
  2 ball pythons
  6 bats (D:1)
  5 endoplasms
  A giant cockroach (D:1)
  6 goblins
  5 hobgoblins
  6 quokkas
  A frilled lizard (D:2)
  3 kobolds (D:2)
  3 rats
41 creatures vanquished.

Vanquished Creatures (others)
  74 foxfires
74 creatures vanquished.

Grand Total: 115 creatures vanquished

Notes
Turn   | Place    | Note
-------+----------+-------------------------------------------
     0 | D:1      | croobank the Demonspawn Fire Elementalist began the quest
                  | for the Orb.
     0 | D:1      | Reached XP level 1. HP: 13/13 MP: 3/3
   319 | D:1      | Got the Directory of Infinity
   420 | D:1      | Gained mutation: You may rarely emit foul miasma when
                  | damaged in melee. [demonic ancestry]
   420 | D:1      | Reached XP level 2. HP: 17/19 MP: 0/5
   539 | D:1      | Learned a level 2 spell: Scorch
   655 | D:1      | Found a faded altar of an unknown god.
   789 | D:1      | Got Plato's Spellbook of Mortification and the Shot
  1308 | D:1      | Gained mutation: You sometimes emit foul miasma when
                  | damaged in melee. [demonic ancestry]
  1308 | D:1      | Reached XP level 3. HP: 24/24 MP: 1/6
  1467 | D:2      | Found Gaithe Nauxe's Antique Armour Shop.
  1503 | D:2      | Reached skill level 3 in Fire Magic
  1723 | D:2      | Learned a level 3 spell: Inner Flame
  2354 | D:3      | Found Woatim's Jewellery Shop.
  2446 | D:3      | Killed from afar by an orc priest

Illustrated notes

Levels and vault maps discovered:
D:1:      dpeg_arrival_rhombi, layout_basic,
          shapermc_ecumenical_altar_rom_forum, serial_glass, glass_columns_c,
          glass_columns_a
D:2:      layout_basic, serial_shops, shop, minmay_misc_feat_plants,
          minivault_24
D:3:      layout_loops_ring, serial_shops, nicolae_shop_tiny_waterfront

Skill      XL: |  1  2  3 |
---------------+----------+-----
Stealth        | 2 |  2.3
Dodging        | 2 |  2.2
Fire Magic     | 3 |  3.1
Fighting       | |  0.2
Spellcasting   | |  2.4
Conjurations   | |  1.8
Hexes          | |  0.2

Action                     || total
---------------------------++-------
  Melee: Unarmed           ||    15
         Dagger            ||    20
         Punch             ||     1
         Staff             ||     6
   Cast: Foxfire           ||    45
         Scorch            ||    15
    Use: Potion            ||     2
         Scroll            ||     1
   Stab: Sleeping          ||     3
 Armour: Robe              ||    25
  Dodge: Dodged            ||    51

Table legend: (Time is in decaauts)
 A = Elapsed time spent in this place.
 B = Non-inter-level travel time spent in this place.
 C = Inter-level travel time spent in this place.
 D = Time resting spent in this place.
 E = Time spent auto-exploring this place.
 F = Levels seen in this place.
 G = Mean time per level.
                   A        B        C        D        E       F      G
               +--------+--------+--------+--------+--------+-----+--------+
         Total |   2444 |   2412 |     32 |    398 |   1560 |   3 |  814.7 |
       Dungeon |   2444 |   2412 |     32 |    398 |   1560 |   3 |  814.7 |
               +--------+--------+--------+--------+--------+-----+--------+

Top non-repeatable levels by time:
     D:1: 1461 daAuts
     D:2: 878 daAuts
     D:3: 104 daAuts
